 Dungeon Crawl Stone Soup version 0.27-a0-1217-g8a41f320e8 (webtiles) character file.

Game seed: 7879966515060542645

2390 27snakeeyes612 the Cleaver (level 9, -5/78 HPs)
             Began as a Minotaur Fighter on June 6, 2021.
             Was a Believer of Okawaru.
             Slain by a two-headed ogre
             ... wielding a +0 giant spiked club
              (18 damage)
             ... on level 7 of the Dungeon.
             The game lasted 00:05:31 (7012 turns).

27snakeeyes612 the Cleaver (Minotaur Fighter)       Turns: 7012, Time: 00:05:32

Health: -5/78      AC: 13    Str: 24    XL:     9   Next: 22%
Magic:  8/8        EV:  7    Int: 11    God:    Okawaru [**....]
Gold:   313        SH: 11    Dex: 10    Spells: 8/8 levels left

rFire    . . .     SeeInvis .   a - +1 war axe
rCold    . . .     Faith    .   c - +0 kite shield
rNeg     . . .     Spirit   .   q - +0 chain mail
rPois    .         Reflect  .   (helmet restricted)
rElec    .         Harm     .   (no cloak)
rCorr    .         Rampage  .   h - +1 pair of gloves
Will     .....                  (no boots)
Stlth    ..........             (no amulet)
HPRegen  0.23/turn              e - +6 ring of intelligence
MPRegen  0.11/turn              (no ring)

@: no status effects
A: horns 2, retaliatory headbutt
a: Renounce Religion, Heroism


You were on level 7 of the Dungeon.
You worshipped Okawaru.
Okawaru was pleased with you.
You visited 2 branches of the dungeon, and saw 8 of its levels.

You collected 313 gold pieces.

Inventory:

Hand Weapons
 a - a +1 war axe (weapon)
Missiles
 n - a throwing net (quivered)
Armour
 b - a +0 scale mail
 c - a +0 kite shield (worn)
 h - a +1 pair of gloves (worn)
 q - a +0 chain mail (worn)
Jewellery
 e - a +6 ring of intelligence (left hand)
 i - an amulet of magic regeneration
 j - a ring of resist corrosion
 o - a +6 ring of intelligence
Scrolls
 g - 5 scrolls of identify
 l - 4 scrolls of magic mapping
 t - a scroll of holy word {unknown}
 x - a scroll of silence
 y - a scroll of enchant armour
Potions
 d - 2 potions of magic
 m - 2 potions of flight {unknown}
 p - a potion of resistance {unknown}
 r - 2 potions of curing
 s - a potion of attraction {unknown}
 v - 2 potions of mutation {unknown}
 w - a potion of cancellation {unknown}
 z - a potion of lignification {unknown}
 A - 2 potions of brilliance {unknown}
 B - a potion of haste {unknown}


   Skills:
 + Level 6.8 Fighting
 + Level 9.5 Axes
 + Level 7.9 Armour
 + Level 3.2 Dodging
 + Level 0.9 Stealth
 + Level 6.6 Shields
 + Level 1.3 Evocations


You had 8 spell levels left.
You didn't know any spells.
Your spell library contained the following spells:

 Spells                   Type           Power      Damage    Failure   Level
 Corona                   Hex            0%         N/A       99%         1
 Foxfire                  Conj/Fire      0%         2x1d4     99%         1
 Ensorcelled Hibernation  Hex/Ice        0%         N/A       100%        2
 Confusing Touch          Hex            0%         N/A       100%        3
 Conjure Flame            Conj/Fire      0%         6-21      100%        3
 Dazzling Flash           Conj/Hex       0%         N/A       100%        3
 Inner Flame              Hex/Fire       0%         N/A       100%        3
 Tukima's Dance           Hex            0%         N/A       100%        3
 Sticky Flame             Conj/Fire      0%         2d3       100%        4
 Fireball                 Conj/Fire      0%         3d3       100%        5


Dungeon Overview and Level Annotations

Branches:
Dungeon (7/15)             Temple (1/1) D:5

Altars:
Ashenzari
Dithmenos
Elyvilon
Gozag
Hepliaklqana
Kikubaaqudgha
Nemelex Xobeh
Okawaru
Qazlal
Ru
Sif Muna
Trog
Uskayaw
Vehumet
Wu Jian
Xom
Yredelemnul
Zin

Shops:
D:3 =

Annotations:
D:6 3 runed translucent doors, xxx's ghost, novice MiFi


Innate Abilities, Weirdness & Mutations

You have a pair of horns on your head.
You reflexively headbutt those who attack you in melee.


Message History

Press: ? - help, Q - select action, (/) - cycle Shift-Dir - straight line, f/p - two-headed ogre
Aim: a two-headed ogre, wielding a +0 giant spiked club and a +0 giant club (heavily wounded)
The mass of ice explodes!
The iceblast engulfs the two-headed ogre!
The two-headed ogre is severely wounded.
The iceblast engulfs the orc warrior.
The orc warrior is heavily wounded.
The now-empty wand crumbles to dust.
You hear a shout!
Unknown command.
Unknown command.
You feel much better.
An orc priest comes into view. It is wielding a +0 whip.
You closely miss the two-headed ogre. You headbutt the two-headed ogre.
The two-headed ogre is severely wounded.
The two-headed ogre hits you with a +0 giant spiked club.
The two-headed ogre hits you but does no damage.
You closely miss the two-headed ogre.
Your headbutt misses the two-headed ogre.
The two-headed ogre is severely wounded.
An orc wizard comes into view. It is wielding a +0 dagger.
You block the two-headed ogre's attack.
The two-headed ogre hits you with a +0 giant club.
You slash the two-headed ogre!
The two-headed ogre is almost dead.
You closely miss the orc warrior.
The two-headed ogre hits you with a +0 giant spiked club!!
You block the two-headed ogre's attack.
The orc warrior hits you with a +0 mace.
An orc comes into view. It is wielding a +0 club.
Your shield and chain mail prevent you from hitting the two-headed ogre.
The two-headed ogre is almost dead.
You hit the orc warrior.
The orc priest casts a cantrip, but nothing happens.
The orc warrior hits you with a +0 mace!
* * * LOW HITPOINT WARNING * * *
The two-headed ogre hits you with a +0 giant spiked club.
* * * LOW HITPOINT WARNING * * *
The two-headed ogre hits you with a +0 giant club!!
You die...

##.##.## ..## ##.#.....#.
##.####.# ..#######......
##.#####.## #o).#..........
#†##[.###.# ##.)........#...
##.#...###†# ###.o.....(...###.
#.##....#††# ##.#o..##.....##...
##.#....#..# #.Z..### ..........
#.##.#..#.†# #oO### .........
#.##..#.†#†# ##@.## .........
#.##....#..#####..# #.........
##.##.....###.###.####..........
#.###.#.#.###..#.....##.........
##.#####.###......#...#.........
#.###.###..#.....#.............
#.##.#.#...#...###..)).........
##.#.##.####...####.#..........
##.##### ##...##...#.).###....


You could see a two-headed ogre, an orc warrior, an orc priest, an orc wizard,
an orc and a wyvern zombie.

Vanquished Creatures
  Pikel (D:5)
  A steam dragon (D:6)
  A water moccasin (D:6)
  2 black bears (D:6)
  2 ogres (D:5)
  A phantom (D:4)
  A kobold brigand (D:7)
  A bullfrog (D:7)
  3 scorpions
  A water moccasin zombie (D:3)
  2 water moccasin skeletons
  2 hounds
  3 jellies
  2 centaur skeletons (D:5)
  A scorpion zombie (D:5)
  3 iguanas
  An orc wizard (D:6)
  Natasha (thrice) (D:2)
  A hell rat (D:7)
  A hound skeleton (D:4)
  7 gnolls
  A howler monkey skeleton (D:5)
  3 adders
  16 river rats (D:7)
  2 adder skeletons (D:4)
  4 worms
  A dart slug (D:1)
  17 orcs
  4 endoplasms
  4 giant cockroaches
  8 goblins
  8 hobgoblins
  A jackal (D:5)
  6 kobolds
  3 quokkas
  4 ball pythons
  A bat (D:3)
  5 frilled lizards
  A quokka skeleton (D:4)
  4 rats
133 creatures vanquished.

Vanquished Creatures (others)
  A demonic plant (D:2)
  2 fungi (D:2)
  3 plants (D:2)
  A withered plant (D:2)
7 creatures vanquished.

Grand Total: 140 creatures vanquished

Notes
Turn   | Place    | Note
-------+----------+-------------------------------------------
     0 | D:1      | 27snakeeyes612 the Minotaur Fighter began the quest for the
                  | Orb.
     0 | D:1      | Reached XP level 1. HP: 19/19 MP: 0/0
   116 | D:1      | Reached XP level 2. HP: 25/27 MP: 1/1
   726 | D:2      | Reached XP level 3. HP: 33/33 MP: 2/2
   842 | D:2      | Noticed Natasha
   852 | D:2      | Killed Natasha
   853 | D:2      | Reached skill level 3 in Axes
   858 | D:2      | Reached XP level 4. HP: 15/41 MP: 3/3
   987 | D:2      | Noticed Natasha
   993 | D:2      | Killed Natasha
  1221 | D:2      | Found a faded altar of an unknown god.
  1325 | D:2      | Noticed Natasha
  1332 | D:2      | Killed Natasha
  1333 | D:2      | Reached skill level 4 in Axes
  1790 | D:3      | Reached skill level 1 in Dodging
  1847 | D:3      | Reached XP level 5. HP: 14/47 MP: 4/4
  2177 | D:3      | Found Luogipt's Jewellery Boutique.
  2256 | D:3      | Found a radiant altar of Vehumet.
  3182 | D:4      | Noticed a phantom
  3194 | D:4      | Killed a phantom
  3195 | D:4      | Reached skill level 5 in Axes
  3195 | D:4      | Reached skill level 5 in Armour
  3195 | D:4      | Reached XP level 6. HP: 28/53 MP: 5/5
  4155 | D:4      | Reached skill level 6 in Axes
  4308 | D:5      | Entered Level 5 of the Dungeon
  4420 | D:5      | Reached XP level 7. HP: 44/60 MP: 6/6
  4528 | D:5      | Reached skill level 5 in Shields
  4593 | D:5      | Reached skill level 5 in Fighting
  5164 | D:5      | Found a stormy altar of Qazlal.
  5195 | D:5      | Found a staircase to the Ecumenical Temple.
  5202 | D:5      | Reached skill level 7 in Axes
  5210 | Temple   | Entered the Ecumenical Temple
  5358 | Temple   | Became a worshipper of Warmaster Okawaru
  5638 | D:6      | Noticed Pikel
  5650 | D:5      | Killed Pikel
  5650 | D:5      | Reached * piety under Okawaru
  5650 | D:5      | Reached ** piety under Okawaru
  5651 | D:5      | Reached skill level 8 in Axes
  5651 | D:5      | Reached XP level 8. HP: 70/70 MP: 7/7
  5667 | D:6      | Found a runed translucent gate.
  5735 | D:6      | Reached skill level 1 in Evocations
  6121 | D:6      | Found a runed translucent gate.
  6121 | D:6      | Found a runed translucent gate.
  6123 | D:6      | Noticed xxx's ghost (novice MiFi)
  6165 | D:6      | Reached skill level 9 in Axes
  6240 | D:6      | Reached XP level 9. HP: 78/78 MP: 8/8
  6554 | D:7      | Identified the +3 whip of Pride {vorpal, Drain rC+ Int+3}
  6935 | D:7      | Found the +2 ratskin cloak {*Rats rPois rN+ Str-1 Int-1
                  | Dex+1}
  6994 | D:7      | Noticed a two-headed ogre
  7012 | D:7      | Slain by a two-headed ogre

Illustrated notes

Levels and vault maps discovered:
D:1:      evilmike_arrival_hilbert_curve, layout_basic
D:2:      layout_loops_cross, shapermc_ecumenical_altar_gd,
          chequers_decorated_corner, hangedman_decor_opposing, uniq_natasha
D:3:      layout_basic, nicolae_overflow_crystal_walls, serial_shops,
          nicolae_shop_statue_plus
D:4:      layout_basic
D:5:      minmay_skewed_foursquare, layout_basic,
          nicolae_qazlal_general_emergency, minmay_temple_entry_trees,
          minmay_statues_item
D:6:      layout_rooms, gammafunk_ghost_necromancy, uniq_pikel
D:7:      wander_guarded_unrand_ratskin, layout_cave_pools,
          kennysheep_small_square
Temple:   regret_index_temple_sphere_string

Skill      XL: |  1  2  3  4  5  6  7  8 |
---------------+-------------------------+-----
Fighting       | 4 5 6 |  6.8
Shields        | 4 6 |  6.6
Armour         | 4 5 6 7 |  7.9
Axes           | 3 4 5 6 8 9 |  9.5
Dodging        | 1 3 |  3.2
Evocations     | 1 |  1.3
Stealth        | |  0.9

Action                   |  1- 3 |  4- 6 |  7- 9 || total
-------------------------+-------+-------+-------++-------
Melee: War axe           |    58 |   134 |   168 ||   360
       Headbutt          |     5 |    27 |    22 ||    54
Evoke: Wand              |       |       |    10 ||    10
  Use: Potion            |     1 |     1 |     1 ||     3
       Scroll            |       |       |    10 ||    10
Armor: Scale mail        |    25 |    26 |       ||    51
       Chain mail        |       |    38 |    71 ||   109
Dodge: Dodged            |    20 |    42 |    32 ||    94
Block: Kite shield       |    30 |    76 |   107 ||   213

Table legend: (Time is in decaauts)
 A = Elapsed time spent in this place.
 B = Non-inter-level travel time spent in this place.
 C = Inter-level travel time spent in this place.
 D = Time resting spent in this place.
 E = Time spent auto-exploring this place.
 F = Levels seen in this place.
 G = Mean time per level.
                   A        B        C        D        E       F      G
               +--------+--------+--------+--------+--------+-----+--------+
         Total |   7167 |   6902 |    265 |    315 |   5659 |   8 |  895.9 |
       Dungeon |   6994 |   6738 |    256 |    315 |   5521 |   7 |  999.1 |
        Temple |    173 |    164 |      9 |      0 |    138 |   1 |  173.0 |
               +--------+--------+--------+--------+--------+-----+--------+

Top non-repeatable levels by time:
     D:3: 1336 daAuts
     D:4: 1256 daAuts
     D:5: 1192 daAuts
     D:2: 1081 daAuts
     D:6: 761 daAuts
     D:1: 740 daAuts
     D:7: 626 daAuts
  Temple: 173 daAuts
